Connexion

Crunch vs Palm Springs Eager

Created - 22 novembre 2023 at 05:46

Goals
1 2 3 T
Crunch 2 1 0 3
Palm Springs Eager 1 0 0 1
Shots
1 2 3 T
Crunch 15 13 9 37
Palm Springs Eager 4 9 18 31

GoalsPenalties
1st period
1. Palm Springs Eager , Mike Hardman 17 (Jake Christiansen 4, Nikita Nesterenko 6) at 12:07
2. Crunch , Jean-Christophe Beaudin 19 (Thomas Tynan 25, Blaine Byron 23) at 12:48
3. Crunch , Xavier Bouchard 3 (Patrick Harper 15, Mikko Kokkonen 7) at 13:01
Nico Sturm (SEA) for Charging (Minor) at 0:12
Alexander Campbell (SEA) for Tripping (Minor) at 9:09
2nd period
4. Crunch , Patrick Harper 13 (Kody Clark 16, Paul Bittner 8) at 2:51
Mike Hardman (SEA) for Interference (Minor) at 5:05
Lias Andersson (SEA) for Tripping (Minor) at 15:37
3rd period
No Goal
Connor Corcoran (SYR) for Holding (Minor) at 0:41
Goalie Stats
Anthony Stolarz (SYR), 30 saves from 31 shots - (0,968), W, 23-15-2, 60:00 minutes
Anton Forsberg (SEA), 34 saves from 37 shots - (0,919), L, 12-9-2, 60:00 minutes
3 StarsOfficial
1 - Patrick Harper (SYR)
2 - Anthony Stolarz (SYR)
3 - Xavier Bouchard (SYR)
Referees : Kyle Rehman and Dean Morton
Linesman : Pierre Racicot and Mike Cvik
Game Note
Jonathan Toews is injured at 15:56 of 2nd period (Bruised Right Shoulder)
Finance
Level 1 -- Attendance: 2000 (100,00%) -- Ticket Income 70 000 $
Level 2 -- Attendance: 1000 (100,00%) -- Ticket Income 15 000 $
Total Attendance: 3000 (100,00%)
Total Ticket Income: 85 000 $
Other Income: 17 000 $
Total Income: 102 000 $



Team Name Goals Shots Shots Attemp Shots Blocked PIM HIT PP PK FO%
Crunch 3378072270 / 4 (0%)051%
Palm Springs Eager 13155108210 / 1 (0%)049%

Crunch
Player Name POS G A P +/- PIM HIT SHT SB MP PP MP PP SHT PK MP PK SHT FO% FOT
Aaron LuchukC000-100004:410:0000:00038% 8
Austin StrandD0001013324:334:2931:2300% 0
Axel AnderssonD000-1012022:153:2710:3600% 0
Blaine ByronC/LW0111022021:333:2310:120100% 2
Connor CorcoranD000-1230121:383:2700:0000% 0
Garnet HathawayRW000-102005:360:0000:5500% 0
Jaycob MegnaD0001041124:334:2911:2300% 0
Jean-Christophe BeaudinC/RW1011014021:253:2300:040100% 1
Jean-Gabriel PageauC000-1068025:454:3311:43046% 28
Kody ClarkRW0112001012:260:0000:000100% 1
Mason ShawC/LW0000014019:334:3310:0000% 0
Mike VecchioneC/RW0000003019:374:3310:04033% 3
Mikko KokkonenD0112020013:120:0000:0000% 0
Nicolas Aube-KubelRW000000000:120:0000:0000% 0
Patrick HarperC/LW1122002012:260:0000:00056% 16
Paul BittnerLW0112042012:260:0000:00050% 2
Thomas TynanC0111004022:213:2311:00050% 30
Xavier BouchardD1012001213:480:0000:3600% 0
Palm Springs Eager
Player Name POS G A P +/- PIM HIT SHT SB MP PP MP PP SHT PK MP PK SHT FO% FOT
Alexander CampbellC/LW000-1200012:050:0002:1900% 1
Alexander GordinC/RW000000108:120:0000:0000% 0
Colin MillerD000-2032325:091:0705:1200% 0
Dmitry OvchinnikovLW000000008:120:0000:0000% 0
Gavin BayreutherD000-1012013:290:0000:0000% 0
Jake ChristiansenD0111000321:220:5202:4400% 0
Jimmy LodgeC/RW000-101009:470:0000:0000% 1
Jonathan ToewsC000-2021014:170:0004:31060% 25
Lias AnderssonC000-1223013:560:5100:00055% 20
Mike HardmanC/LW/RW1011222016:410:5200:000100% 1
Nico SturmC/LW0001202117:470:5201:06042% 24
Nikita NesterenkoC/LW/RW0111015016:420:5200:0000% 1
Radko GudasD0001030121:220:5202:4400% 0
Ryan GravesD000-2030025:091:0705:1200% 0
Saku MaenalanenC/LW/RW000-2006019:321:0712:09050% 2
Scott MayfieldD000-1020113:290:0000:0000% 0
Scott ReedyC0000012011:390:1600:00044% 16
Steven LorentzC/LW000-2005123:101:0715:4710% 0



Play-by-Play

1st period


0:01 of 1st period - Saku Maenalanen wins face-off versus Jean-Gabriel Pageau in neutral zone.
0:05 of 1st period - Jonathan Toews is hit by Jaycob Megna and loses puck.
0:09 of 1st period - Icing by Jean-Gabriel Pageau.
0:10 of 1st period - Nico Sturm wins face-off versus Jean-Gabriel Pageau in Crunch zone.
0:10 of 1st period - Mike Hardman is hit by Jaycob Megna and loses puck.
0:12 of 1st period - Minor Penalty to Nico Sturm for Charging.
0:13 of 1st period - Jean-Gabriel Pageau wins face-off versus Jonathan Toews in Palm Springs Eager zone.
0:28 of 1st period - Shot by Mike Vecchione.
0:28 of 1st period - Deflect By Mason Shaw.
0:28 of 1st period - Shot Misses the Net.
0:50 of 1st period - Shot by Austin Strand.
0:50 of 1st period - Stopped by Anton Forsberg without a rebound.
0:51 of 1st period - Jonathan Toews wins face-off versus Thomas Tynan in Palm Springs Eager zone.
1:09 of 1st period - Shot by Axel Andersson.
1:09 of 1st period - Shot Blocked by Colin Miller.
1:11 of 1st period - Shot by Thomas Tynan.
1:11 of 1st period - Stopped by Anton Forsberg with a rebound.
1:13 of 1st period - Shot by Axel Andersson.
1:13 of 1st period - Stopped by Anton Forsberg with a rebound.
1:17 of 1st period - Shot by Jean-Christophe Beaudin.
1:17 of 1st period - Shot Misses the Net.
1:19 of 1st period - Shot by Jean-Christophe Beaudin.
1:19 of 1st period - Shot Misses the Net.
1:21 of 1st period - Shot by Connor Corcoran.
1:21 of 1st period - Shot Blocked by Colin Miller.
1:51 of 1st period - Shot by Austin Strand.
1:51 of 1st period - Shot Misses the Net.
1:53 of 1st period - Shot by Jean-Gabriel Pageau.
1:53 of 1st period - Shot Misses the Net.
1:55 of 1st period - Shot by Jaycob Megna.
1:55 of 1st period - Stopped by Anton Forsberg without a rebound.
1:56 of 1st period - Jonathan Toews wins face-off versus Jean-Gabriel Pageau in Palm Springs Eager zone.
3:24 of 1st period - Nico Sturm is hit by Connor Corcoran and loses puck.
3:39 of 1st period - Shot by Blaine Byron.
3:39 of 1st period - Shot Misses the Net.
4:19 of 1st period - Jean-Gabriel Pageau is hit by Jonathan Toews and loses puck.
4:29 of 1st period - Saku Maenalanen is hit by Jaycob Megna and loses puck.
5:09 of 1st period - Lias Andersson is hit by Garnet Hathaway and loses puck.
5:15 of 1st period - Icing by Scott Mayfield.
5:16 of 1st period - Lias Andersson wins face-off versus Paul Bittner in Palm Springs Eager zone.
5:16 of 1st period - Lias Andersson is hit by Paul Bittner.
5:21 of 1st period - Lias Andersson is hit by Paul Bittner and loses puck.
5:25 of 1st period - Off-side.
5:26 of 1st period - Scott Reedy wins face-off versus Thomas Tynan in neutral zone.
7:12 of 1st period - Shot by Mason Shaw.
7:12 of 1st period - Stopped by Anton Forsberg with a rebound.
7:16 of 1st period - Shot by Jean-Gabriel Pageau.
7:16 of 1st period - Stopped by Anton Forsberg without a rebound.
7:17 of 1st period - Jonathan Toews wins face-off versus Jean-Gabriel Pageau in Palm Springs Eager zone.
7:24 of 1st period - Jaycob Megna is hit by Ryan Graves and loses puck.
7:47 of 1st period - Shot by Saku Maenalanen.
7:47 of 1st period - Shot Misses the Net.
7:53 of 1st period - Shot by Saku Maenalanen.
7:53 of 1st period - Shot Misses the Net.
8:00 of 1st period - Off-side.
8:01 of 1st period - Thomas Tynan wins face-off versus Nico Sturm in neutral zone.
8:47 of 1st period - Blaine Byron is hit by Mike Hardman and loses puck.
9:09 of 1st period - Minor Penalty to Alexander Campbell for Tripping.
9:10 of 1st period - Jean-Gabriel Pageau wins face-off versus Jonathan Toews in Palm Springs Eager zone.
9:11 of 1st period - Shot by Austin Strand.
9:11 of 1st period - Stopped by Anton Forsberg with a rebound.
9:13 of 1st period - Shot by Mike Vecchione.
9:13 of 1st period - Shot Misses the Net.
9:29 of 1st period - Ryan Graves is hit by Jean-Gabriel Pageau and loses puck.
9:39 of 1st period - Icing by Austin Strand.
9:40 of 1st period - Jean-Gabriel Pageau wins face-off versus Jonathan Toews in Crunch zone.
10:59 of 1st period - Shot by Jean-Gabriel Pageau.
10:59 of 1st period - Shot Blocked by Jake Christiansen.
11:01 of 1st period - Shot by Jean-Gabriel Pageau.
11:01 of 1st period - Stopped by Anton Forsberg with a rebound.
11:03 of 1st period - Shot by Jaycob Megna.
11:03 of 1st period - Shot Misses the Net.
11:05 of 1st period - Shot by Mason Shaw.
11:05 of 1st period - Stopped by Anton Forsberg without a rebound.
11:06 of 1st period - Thomas Tynan wins face-off versus Nico Sturm in Palm Springs Eager zone.
11:07 of 1st period - Shot by Connor Corcoran.
11:07 of 1st period - Shot Blocked by Radko Gudas.
11:09 of 1st period - Shot by Blaine Byron.
11:09 of 1st period - Shot Misses the Net.
11:31 of 1st period - Shot by Lias Andersson.
11:31 of 1st period - Stopped by Anthony Stolarz without a rebound.
11:32 of 1st period - Jean-Gabriel Pageau wins face-off versus Nico Sturm in Crunch zone.
11:32 of 1st period - Jean-Gabriel Pageau is hit by Nikita Nesterenko.
11:45 of 1st period - Shot by Jean-Gabriel Pageau.
11:45 of 1st period - Shot Blocked by Jake Christiansen.
11:53 of 1st period - Shot by Mike Hardman.
11:53 of 1st period - Deflect By Nico Sturm.
11:53 of 1st period - Shot Blocked by Connor Corcoran.
12:07 of 1st period - Shot by Mike Hardman.
12:07 of 1st period - Goal by Mike Hardman - Crunch : 0 - Palm Springs Eager : 1.
12:08 of 1st period - Thomas Tynan wins face-off versus Lias Andersson in neutral zone.
12:46 of 1st period - Shot by Jean-Christophe Beaudin.
12:46 of 1st period - Stopped by Anton Forsberg with a rebound.
12:48 of 1st period - Shot by Jean-Christophe Beaudin.
12:48 of 1st period - Goal by Jean-Christophe Beaudin - Crunch : 1 - Palm Springs Eager : 1.
12:49 of 1st period - Patrick Harper wins face-off versus Jonathan Toews in neutral zone.
12:59 of 1st period - Shot by Patrick Harper.
12:59 of 1st period - Shot Misses the Net.
13:01 of 1st period - Shot by Xavier Bouchard.
13:01 of 1st period - Goal by Xavier Bouchard - Crunch : 2 - Palm Springs Eager : 1.
13:02 of 1st period - Nico Sturm wins face-off versus Jean-Gabriel Pageau in neutral zone.
13:04 of 1st period - Nikita Nesterenko is hit by Connor Corcoran and loses puck.
13:23 of 1st period - Radko Gudas is hit by Mason Shaw and loses puck.
13:30 of 1st period - Shot by Nikita Nesterenko.
13:30 of 1st period - Stopped by Anthony Stolarz without a rebound.
13:31 of 1st period - Thomas Tynan wins face-off versus Jonathan Toews in Crunch zone.
13:35 of 1st period - Austin Strand is hit by Jonathan Toews.
14:19 of 1st period - Icing by Jean-Christophe Beaudin.
14:20 of 1st period - Mike Hardman wins face-off versus Thomas Tynan in Crunch zone.
14:50 of 1st period - Shot by Jean-Gabriel Pageau.
14:50 of 1st period - Stopped by Anton Forsberg without a rebound.
14:51 of 1st period - Lias Andersson wins face-off versus Patrick Harper in Palm Springs Eager zone.
15:11 of 1st period - Icing by Mikko Kokkonen.
15:12 of 1st period - Jonathan Toews wins face-off versus Patrick Harper in Crunch zone.
16:08 of 1st period - Shot by Mason Shaw.
16:08 of 1st period - Shot Misses the Net.
17:00 of 1st period - Shot by Thomas Tynan.
17:00 of 1st period - Stopped by Anton Forsberg without a rebound.
17:01 of 1st period - Lias Andersson wins face-off versus Patrick Harper in Palm Springs Eager zone.
17:18 of 1st period - Shot by Lias Andersson.
17:18 of 1st period - Shot Misses the Net.
17:20 of 1st period - Shot by Gavin Bayreuther.
17:20 of 1st period - Stopped by Anthony Stolarz without a rebound.
17:21 of 1st period - Scott Reedy wins face-off versus Thomas Tynan in Crunch zone.
17:25 of 1st period - Scott Reedy is hit by Austin Strand.
18:18 of 1st period - Shot by Mason Shaw.
18:18 of 1st period - Shot Misses the Net.
18:22 of 1st period - Shot by Mike Vecchione.
18:22 of 1st period - Shot Misses the Net.
18:24 of 1st period - Shot by Jean-Gabriel Pageau.
18:24 of 1st period - Stopped by Anton Forsberg without a rebound.
18:25 of 1st period - Jonathan Toews wins face-off versus Patrick Harper in Palm Springs Eager zone.
18:25 of 1st period - Jonathan Toews is hit by Paul Bittner.
18:43 of 1st period - Shot by Kody Clark.
18:43 of 1st period - Shot Misses the Net.
18:46 of 1st period - Icing by Colin Miller.
18:47 of 1st period - Jonathan Toews wins face-off versus Jean-Gabriel Pageau in Palm Springs Eager zone.
Goals for this period are 2 for Crunch vs 1 for Palm Springs Eager.
Shots for this period are 15 for Crunch vs 4 for Palm Springs Eager.

2nd period


0:01 of 2nd period - Jonathan Toews wins face-off versus Jean-Gabriel Pageau in neutral zone.
0:14 of 2nd period - Shot by Jonathan Toews.
0:14 of 2nd period - Shot Misses the Net.
0:16 of 2nd period - Shot by Colin Miller.
0:16 of 2nd period - Shot Misses the Net.
0:18 of 2nd period - Shot by Colin Miller.
0:18 of 2nd period - Shot Misses the Net.
0:24 of 2nd period - Shot by Steven Lorentz.
0:24 of 2nd period - Shot Blocked by Austin Strand.
0:26 of 2nd period - Shot by Saku Maenalanen.
0:26 of 2nd period - Stopped by Anthony Stolarz without a rebound.
0:27 of 2nd period - Lias Andersson wins face-off versus Thomas Tynan in Crunch zone.
0:30 of 2nd period - Shot by Alexander Campbell.
0:30 of 2nd period - Shot Misses the Net.
1:03 of 2nd period - Shot by Thomas Tynan.
1:03 of 2nd period - Shot Blocked by Jake Christiansen.
1:15 of 2nd period - Radko Gudas is hit by Jean-Christophe Beaudin and loses puck.
2:00 of 2nd period - Shot by Mason Shaw.
2:00 of 2nd period - Stopped by Anton Forsberg with a rebound.
2:02 of 2nd period - Shot by Mike Vecchione.
2:02 of 2nd period - Deflect By Jean-Gabriel Pageau.
2:02 of 2nd period - Shot Misses the Net.
2:13 of 2nd period - Off-side.
2:14 of 2nd period - Jonathan Toews wins face-off versus Patrick Harper in neutral zone.
2:32 of 2nd period - Patrick Harper is hit by Colin Miller and loses puck.
2:49 of 2nd period - Shot by Patrick Harper.
2:49 of 2nd period - Shot Misses the Net.
2:51 of 2nd period - Shot by Patrick Harper.
2:51 of 2nd period - Goal by Patrick Harper - Crunch : 3 - Palm Springs Eager : 1.
2:52 of 2nd period - Thomas Tynan wins face-off versus Nico Sturm in neutral zone.
3:32 of 2nd period - Off-side.
3:33 of 2nd period - Scott Reedy wins face-off versus Mike Vecchione in neutral zone.
3:35 of 2nd period - Colin Miller is hit by Jaycob Megna and loses puck.
4:31 of 2nd period - Off-side.
4:32 of 2nd period - Nico Sturm wins face-off versus Thomas Tynan in neutral zone.
4:42 of 2nd period - Icing by Thomas Tynan.
4:43 of 2nd period - Thomas Tynan wins face-off versus Jonathan Toews in Crunch zone.
4:50 of 2nd period - Shot by Saku Maenalanen.
4:50 of 2nd period - Deflect By Jonathan Toews.
4:50 of 2nd period - Stopped by Anthony Stolarz without a rebound.
4:51 of 2nd period - Patrick Harper wins face-off versus Jonathan Toews in Crunch zone.
5:00 of 2nd period - Shot by Saku Maenalanen.
5:00 of 2nd period - Stopped by Anthony Stolarz without a rebound.
5:01 of 2nd period - Nico Sturm wins face-off versus Aaron Luchuk in Crunch zone.
5:05 of 2nd period - Minor Penalty to Mike Hardman for Interference.
5:06 of 2nd period - Jonathan Toews wins face-off versus Jean-Gabriel Pageau in Palm Springs Eager zone.
5:25 of 2nd period - Shot by Mike Vecchione.
5:25 of 2nd period - Stopped by Anton Forsberg with a rebound.
5:27 of 2nd period - Shot by Austin Strand.
5:27 of 2nd period - Stopped by Anton Forsberg without a rebound.
5:28 of 2nd period - Jonathan Toews wins face-off versus Thomas Tynan in Palm Springs Eager zone.
5:51 of 2nd period - Icing by Thomas Tynan.
5:52 of 2nd period - Jonathan Toews wins face-off versus Thomas Tynan in Crunch zone.
5:55 of 2nd period - Shot by Steven Lorentz.
5:55 of 2nd period - Stopped by Anthony Stolarz without a rebound.
5:56 of 2nd period - Jonathan Toews wins face-off versus Jean-Gabriel Pageau in Crunch zone.
6:38 of 2nd period - Off-side.
6:39 of 2nd period - Thomas Tynan wins face-off versus Jonathan Toews in neutral zone.
7:06 of 2nd period - Shot by Paul Bittner.
7:06 of 2nd period - Stopped by Anton Forsberg with a rebound.
7:17 of 2nd period - Icing by Nico Sturm.
7:18 of 2nd period - Nico Sturm wins face-off versus Aaron Luchuk in Palm Springs Eager zone.
7:18 of 2nd period - Nico Sturm is hit by Garnet Hathaway.
7:38 of 2nd period - Icing by Jake Christiansen.
7:39 of 2nd period - Thomas Tynan wins face-off versus Nico Sturm in Palm Springs Eager zone.
7:42 of 2nd period - Shot by Jean-Christophe Beaudin.
7:42 of 2nd period - Shot Misses the Net.
7:58 of 2nd period - Mike Hardman is hit by Axel Andersson and loses puck.
8:19 of 2nd period - Shot by Lias Andersson.
8:19 of 2nd period - Stopped by Anthony Stolarz without a rebound.
8:20 of 2nd period - Jonathan Toews wins face-off versus Jean-Gabriel Pageau in Crunch zone.
8:26 of 2nd period - Off-side.
8:27 of 2nd period - Jean-Gabriel Pageau wins face-off versus Jonathan Toews in neutral zone.
9:02 of 2nd period - Shot by Mason Shaw.
9:02 of 2nd period - Deflect By Jean-Gabriel Pageau.
9:02 of 2nd period - Stopped by Anton Forsberg without a rebound.
9:03 of 2nd period - Lias Andersson wins face-off versus Thomas Tynan in Palm Springs Eager zone.
9:13 of 2nd period - Radko Gudas is hit by Mikko Kokkonen and loses puck.
10:22 of 2nd period - Shot by Patrick Harper.
10:22 of 2nd period - Stopped by Anton Forsberg without a rebound.
10:23 of 2nd period - Jean-Gabriel Pageau wins face-off versus Saku Maenalanen in Palm Springs Eager zone.
10:34 of 2nd period - Shot by Saku Maenalanen.
10:34 of 2nd period - Shot Misses the Net.
10:39 of 2nd period - Icing by Jean-Gabriel Pageau.
10:40 of 2nd period - Scott Reedy wins face-off versus Jean-Gabriel Pageau in Crunch zone.
10:41 of 2nd period - Shot by Alexander Gordin.
10:41 of 2nd period - Stopped by Anthony Stolarz with a rebound.
11:38 of 2nd period - Shot by Thomas Tynan.
11:38 of 2nd period - Stopped by Anton Forsberg without a rebound.
11:39 of 2nd period - Nico Sturm wins face-off versus Patrick Harper in Palm Springs Eager zone.
11:48 of 2nd period - Shot by Nikita Nesterenko.
11:48 of 2nd period - Stopped by Anthony Stolarz without a rebound.
11:49 of 2nd period - Jonathan Toews wins face-off versus Thomas Tynan in Crunch zone.
12:19 of 2nd period - Axel Andersson is hit by Radko Gudas and loses puck.
13:37 of 2nd period - Kody Clark is hit by Colin Miller and loses puck.
13:48 of 2nd period - Shot by Kody Clark.
13:48 of 2nd period - Shot Blocked by Colin Miller.
13:50 of 2nd period - Shot by Patrick Harper.
13:50 of 2nd period - Deflect By Kody Clark.
13:50 of 2nd period - Shot Misses the Net.
13:52 of 2nd period - Shot by Patrick Harper.
13:52 of 2nd period - Shot Misses the Net.
13:56 of 2nd period - Shot by Patrick Harper.
13:56 of 2nd period - Shot Misses the Net.
14:29 of 2nd period - Shot by Blaine Byron.
14:29 of 2nd period - Shot Misses the Net.
14:31 of 2nd period - Shot by Jean-Christophe Beaudin.
14:31 of 2nd period - Shot Misses the Net.
14:33 of 2nd period - Shot by Blaine Byron.
14:33 of 2nd period - Stopped by Anton Forsberg without a rebound.
14:34 of 2nd period - Lias Andersson wins face-off versus Aaron Luchuk in Palm Springs Eager zone.
14:48 of 2nd period - Jean-Gabriel Pageau is hit by Lias Andersson and loses puck.
14:54 of 2nd period - Icing by Austin Strand.
14:55 of 2nd period - Aaron Luchuk wins face-off versus Jonathan Toews in Crunch zone.
15:04 of 2nd period - Saku Maenalanen is hit by Jean-Gabriel Pageau.
15:27 of 2nd period - Radko Gudas is hit by Jean-Gabriel Pageau and loses puck.
15:33 of 2nd period - Shot by Steven Lorentz.
15:33 of 2nd period - Shot Misses the Net.
15:35 of 2nd period - Shot by Steven Lorentz.
15:35 of 2nd period - Stopped by Anthony Stolarz without a rebound.
15:36 of 2nd period - Thomas Tynan wins face-off versus Lias Andersson in Crunch zone.
15:36 of 2nd period - Thomas Tynan is hit by Jimmy Lodge.
15:37 of 2nd period - Minor Penalty to Lias Andersson for Tripping.
15:38 of 2nd period - Jonathan Toews wins face-off versus Thomas Tynan in Palm Springs Eager zone.
15:55 of 2nd period - Jonathan Toews is hit by Blaine Byron and loses puck.
15:56 of 2nd period - Jonathan Toews from Palm Springs Eager is injured at 15:56 of 2nd period (Bruised Right Shoulder).
15:57 of 2nd period - Jean-Gabriel Pageau wins face-off versus Alexander Campbell in Palm Springs Eager zone.
15:57 of 2nd period - Jean-Gabriel Pageau is hit by Ryan Graves.
16:56 of 2nd period - Shot by Blaine Byron.
16:56 of 2nd period - Shot Misses the Net.
16:58 of 2nd period - Shot by Blaine Byron.
16:58 of 2nd period - Stopped by Anton Forsberg with a rebound.
17:00 of 2nd period - Shot by Austin Strand.
17:00 of 2nd period - Shot Misses the Net.
17:02 of 2nd period - Shot by Thomas Tynan.
17:02 of 2nd period - Shot Misses the Net.
17:04 of 2nd period - Shot by Austin Strand.
17:04 of 2nd period - Shot Misses the Net.
17:54 of 2nd period - Shot by Gavin Bayreuther.
17:54 of 2nd period - Stopped by Anthony Stolarz without a rebound.
17:55 of 2nd period - Aaron Luchuk wins face-off versus Nico Sturm in Crunch zone.
18:03 of 2nd period - Icing by Nikita Nesterenko.
18:04 of 2nd period - Patrick Harper wins face-off versus Nico Sturm in Palm Springs Eager zone.
18:05 of 2nd period - Shot by Kody Clark.
18:05 of 2nd period - Stopped by Anton Forsberg without a rebound.
18:06 of 2nd period - Patrick Harper wins face-off versus Nico Sturm in Palm Springs Eager zone.
18:18 of 2nd period - Patrick Harper is hit by Gavin Bayreuther and loses puck.
18:21 of 2nd period - Shot by Patrick Harper.
18:21 of 2nd period - Shot Blocked by Nico Sturm.
18:23 of 2nd period - Shot by Kody Clark.
18:23 of 2nd period - Deflect By Paul Bittner.
18:23 of 2nd period - Stopped by Anton Forsberg without a rebound.
18:24 of 2nd period - Scott Reedy wins face-off versus Jean-Gabriel Pageau in Palm Springs Eager zone.
18:48 of 2nd period - Shot by Mike Vecchione.
18:48 of 2nd period - Stopped by Anton Forsberg without a rebound.
18:49 of 2nd period - Thomas Tynan wins face-off versus Nico Sturm in Palm Springs Eager zone.
Goals for this period are 1 for Crunch vs 0 for Palm Springs Eager.
Shots for this period are 13 for Crunch vs 9 for Palm Springs Eager.

3rd period


0:01 of 3rd period - Lias Andersson wins face-off versus Mike Vecchione in neutral zone.
0:14 of 3rd period - Shot by Jean-Gabriel Pageau.
0:14 of 3rd period - Stopped by Anton Forsberg without a rebound.
0:15 of 3rd period - Nico Sturm wins face-off versus Thomas Tynan in Palm Springs Eager zone.
0:40 of 3rd period - Shot by Mike Hardman.
0:40 of 3rd period - Shot Misses the Net.
0:41 of 3rd period - Minor Penalty to Connor Corcoran for Holding.
0:42 of 3rd period - Jean-Gabriel Pageau wins face-off versus Lias Andersson in Crunch zone.
1:01 of 3rd period - Shot by Lias Andersson.
1:01 of 3rd period - Deflect By Steven Lorentz.
1:01 of 3rd period - Stopped by Anthony Stolarz without a rebound.
1:02 of 3rd period - Nico Sturm wins face-off versus Jean-Gabriel Pageau in Crunch zone.
1:03 of 3rd period - Shot by Jake Christiansen.
1:03 of 3rd period - Shot Blocked by Xavier Bouchard.
1:30 of 3rd period - Icing by Mike Hardman.
1:31 of 3rd period - Jean-Gabriel Pageau wins face-off versus Nikita Nesterenko in Palm Springs Eager zone.
2:24 of 3rd period - Shot by Saku Maenalanen.
2:24 of 3rd period - Stopped by Anthony Stolarz without a rebound.
2:25 of 3rd period - Jean-Christophe Beaudin wins face-off versus Scott Reedy in Crunch zone.
3:07 of 3rd period - Shot by Patrick Harper.
3:07 of 3rd period - Deflect By Kody Clark.
3:07 of 3rd period - Shot Misses the Net.
3:09 of 3rd period - Shot by Patrick Harper.
3:09 of 3rd period - Shot Misses the Net.
4:12 of 3rd period - Off-side.
4:13 of 3rd period - Jean-Gabriel Pageau wins face-off versus Scott Reedy in neutral zone.
4:27 of 3rd period - Shot by Mason Shaw.
4:27 of 3rd period - Stopped by Anton Forsberg without a rebound.
4:28 of 3rd period - Paul Bittner wins face-off versus Nico Sturm in Palm Springs Eager zone.
4:28 of 3rd period - Patrick Harper is hit by Ryan Graves and loses puck.
4:38 of 3rd period - Icing by Paul Bittner.
4:39 of 3rd period - Patrick Harper wins face-off versus Scott Reedy in Crunch zone.
4:39 of 3rd period - Patrick Harper is hit by Colin Miller.
4:59 of 3rd period - Shot by Saku Maenalanen.
4:59 of 3rd period - Stopped by Anthony Stolarz with a rebound.
5:01 of 3rd period - Shot by Colin Miller.
5:01 of 3rd period - Stopped by Anthony Stolarz without a rebound.
5:02 of 3rd period - Nico Sturm wins face-off versus Jean-Gabriel Pageau in Crunch zone.
5:02 of 3rd period - Nikita Nesterenko is hit by Connor Corcoran.
5:10 of 3rd period - Mike Hardman is hit by Jean-Gabriel Pageau and loses puck.
5:37 of 3rd period - Mike Hardman is hit by Jean-Gabriel Pageau and loses puck.
5:44 of 3rd period - Mike Hardman is hit by Jean-Gabriel Pageau and loses puck.
6:24 of 3rd period - Shot by Jean-Christophe Beaudin.
6:24 of 3rd period - Stopped by Anton Forsberg without a rebound.
6:25 of 3rd period - Kody Clark wins face-off versus Scott Reedy in Palm Springs Eager zone.
6:51 of 3rd period - Off-side.
6:52 of 3rd period - Thomas Tynan wins face-off versus Lias Andersson in neutral zone.
7:02 of 3rd period - Steven Lorentz is hit by Blaine Byron and loses puck.
7:18 of 3rd period - Shot by Steven Lorentz.
7:18 of 3rd period - Shot Blocked by Jaycob Megna.
7:20 of 3rd period - Shot by Ryan Graves.
7:20 of 3rd period - Shot Misses the Net.
7:22 of 3rd period - Shot by Saku Maenalanen.
7:22 of 3rd period - Stopped by Anthony Stolarz without a rebound.
7:23 of 3rd period - Jean-Gabriel Pageau wins face-off versus Nico Sturm in Crunch zone.
7:53 of 3rd period - Shot by Jean-Gabriel Pageau.
7:53 of 3rd period - Stopped by Anton Forsberg without a rebound.
7:54 of 3rd period - Patrick Harper wins face-off versus Scott Reedy in Palm Springs Eager zone.
8:13 of 3rd period - Shot by Scott Reedy.
8:13 of 3rd period - Stopped by Anthony Stolarz with a rebound.
8:22 of 3rd period - Off-side.
8:23 of 3rd period - Jean-Gabriel Pageau wins face-off versus Lias Andersson in neutral zone.
8:34 of 3rd period - Shot by Jean-Gabriel Pageau.
8:34 of 3rd period - Shot Blocked by Steven Lorentz.
9:00 of 3rd period - Shot by Jean-Gabriel Pageau.
9:00 of 3rd period - Shot Misses the Net.
9:02 of 3rd period - Shot by Connor Corcoran.
9:02 of 3rd period - Shot Blocked by Scott Mayfield.
9:11 of 3rd period - Icing by Steven Lorentz.
9:12 of 3rd period - Lias Andersson wins face-off versus Thomas Tynan in Palm Springs Eager zone.
9:37 of 3rd period - Shot by Nico Sturm.
9:37 of 3rd period - Stopped by Anthony Stolarz without a rebound.
9:38 of 3rd period - Patrick Harper wins face-off versus Scott Reedy in Crunch zone.
9:38 of 3rd period - Kody Clark is hit by Radko Gudas and loses puck.
10:02 of 3rd period - Shot by Kody Clark.
10:02 of 3rd period - Shot Misses the Net.
10:32 of 3rd period - Shot by Mike Hardman.
10:32 of 3rd period - Deflect By Nikita Nesterenko.
10:32 of 3rd period - Stopped by Anthony Stolarz without a rebound.
10:33 of 3rd period - Jean-Gabriel Pageau wins face-off versus Jimmy Lodge in Crunch zone.
10:33 of 3rd period - Jean-Gabriel Pageau is hit by Lias Andersson.
11:20 of 3rd period - Off-side.
11:21 of 3rd period - Thomas Tynan wins face-off versus Scott Reedy in neutral zone.
11:29 of 3rd period - Thomas Tynan is hit by Scott Mayfield and loses puck.
11:40 of 3rd period - Shot by Steven Lorentz.
11:40 of 3rd period - Stopped by Anthony Stolarz with a rebound.
11:42 of 3rd period - Shot by Saku Maenalanen.
11:42 of 3rd period - Shot Misses the Net.
11:57 of 3rd period - Thomas Tynan is hit by Scott Mayfield.
12:01 of 3rd period - Shot by Jean-Christophe Beaudin.
12:01 of 3rd period - Shot Misses the Net.
12:20 of 3rd period - Icing by Jake Christiansen.
12:21 of 3rd period - Aaron Luchuk wins face-off versus Nico Sturm in Palm Springs Eager zone.
12:22 of 3rd period - Shot by Jean-Gabriel Pageau.
12:22 of 3rd period - Stopped by Anton Forsberg without a rebound.
12:23 of 3rd period - Lias Andersson wins face-off versus Jean-Gabriel Pageau in Palm Springs Eager zone.
12:46 of 3rd period - Shot by Alexander Campbell.
12:46 of 3rd period - Shot Misses the Net.
13:24 of 3rd period - Shot by Mike Hardman.
13:24 of 3rd period - Stopped by Anthony Stolarz without a rebound.
13:25 of 3rd period - Scott Reedy wins face-off versus Patrick Harper in Crunch zone.
13:25 of 3rd period - Scott Reedy is hit by Mikko Kokkonen.
13:31 of 3rd period - Shot by Steven Lorentz.
13:31 of 3rd period - Stopped by Anthony Stolarz without a rebound.
13:32 of 3rd period - Thomas Tynan wins face-off versus Scott Reedy in Crunch zone.
13:32 of 3rd period - Thomas Tynan is hit by Scott Reedy.
13:48 of 3rd period - Shot by Jean-Christophe Beaudin.
13:48 of 3rd period - Shot Hit the Post.
14:10 of 3rd period - Shot by Saku Maenalanen.
14:10 of 3rd period - Stopped by Anthony Stolarz with a rebound.
14:34 of 3rd period - Shot by Colin Miller.
14:34 of 3rd period - Stopped by Anthony Stolarz without a rebound.
14:35 of 3rd period - Lias Andersson wins face-off versus Aaron Luchuk in Crunch zone.
15:35 of 3rd period - Shot by Nico Sturm.
15:35 of 3rd period - Shot Blocked by Xavier Bouchard.
15:37 of 3rd period - Shot by Mike Hardman.
15:37 of 3rd period - Shot Misses the Net.
15:44 of 3rd period - Icing by Mikko Kokkonen.
15:45 of 3rd period - Scott Reedy wins face-off versus Aaron Luchuk in Crunch zone.
16:20 of 3rd period - Shot by Scott Reedy.
16:20 of 3rd period - Shot Misses the Net.
16:22 of 3rd period - Shot by Scott Reedy.
16:22 of 3rd period - Shot Blocked by Austin Strand.
16:53 of 3rd period - Shot by Mike Hardman.
16:53 of 3rd period - Deflect By Nikita Nesterenko.
16:53 of 3rd period - Shot Blocked by Austin Strand.
16:55 of 3rd period - Shot by Nico Sturm.
16:55 of 3rd period - The goal is going for a video replay.
16:55 of 3rd period - The goal is refused.
16:56 of 3rd period - Lias Andersson wins face-off versus Thomas Tynan in Crunch zone.
17:05 of 3rd period - Shot by Lias Andersson.
17:05 of 3rd period - Stopped by Anthony Stolarz without a rebound.
17:06 of 3rd period - Nico Sturm wins face-off versus Thomas Tynan in Crunch zone.
17:11 of 3rd period - Shot by Nikita Nesterenko.
17:11 of 3rd period - Shot Misses the Net.
17:13 of 3rd period - Shot by Nikita Nesterenko.
17:13 of 3rd period - Stopped by Anthony Stolarz without a rebound.
17:14 of 3rd period - Thomas Tynan wins face-off versus Lias Andersson in Crunch zone.
17:29 of 3rd period - Shot by Thomas Tynan.
17:29 of 3rd period - Stopped by Anton Forsberg without a rebound.
17:30 of 3rd period - Mike Vecchione wins face-off versus Nico Sturm in Palm Springs Eager zone.
17:34 of 3rd period - Mike Vecchione is hit by Radko Gudas and loses puck.
17:51 of 3rd period - Jean-Gabriel Pageau is hit by Mike Hardman and loses puck.
18:08 of 3rd period - Shot by Mike Vecchione.
18:08 of 3rd period - Stopped by Anton Forsberg without a rebound.
18:09 of 3rd period - Thomas Tynan wins face-off versus Lias Andersson in Palm Springs Eager zone.
18:10 of 3rd period - Shot by Jean-Christophe Beaudin.
18:10 of 3rd period - Stopped by Anton Forsberg without a rebound.
18:11 of 3rd period - Blaine Byron wins face-off versus Lias Andersson in Palm Springs Eager zone.
18:14 of 3rd period - Shot by Jean-Christophe Beaudin.
18:14 of 3rd period - Shot Misses the Net.
18:16 of 3rd period - Shot by Axel Andersson.
18:16 of 3rd period - Stopped by Anton Forsberg without a rebound.
18:17 of 3rd period - Blaine Byron wins face-off versus Lias Andersson in Palm Springs Eager zone.
19:25 of 3rd period - Shot by Nico Sturm.
19:25 of 3rd period - Shot Misses the Net.
19:27 of 3rd period - Shot by Mike Hardman.
19:27 of 3rd period - Deflect By Nikita Nesterenko.
19:27 of 3rd period - Stopped by Anthony Stolarz without a rebound.
19:28 of 3rd period - Patrick Harper wins face-off versus Scott Reedy in Crunch zone.
19:33 of 3rd period - Gavin Bayreuther is hit by Paul Bittner and loses puck.
19:52 of 3rd period - Shot by Scott Reedy.
19:52 of 3rd period - Stopped by Anthony Stolarz with a rebound.
19:55 of 3rd period - Icing by Mikko Kokkonen.
19:56 of 3rd period - Patrick Harper wins face-off versus Nico Sturm in Crunch zone.
Goals for this period are 0 for Crunch vs 0 for Palm Springs Eager.
Shots for this period are 9 for Crunch vs 18 for Palm Springs Eager.